 Dungeon Crawl Stone Soup version 0.20-a0-1025-g4706f7e (webtiles) character file.

89 dvd the Chiller (level 4, -2/30 HPs)
             Began as a Demonspawn Ice Elementalist on Apr 19, 2017.
             Was an Initiate of Ru.
             Killed from afar by Terence (9 damage)
             ... with a wand of flame (?/48)
             ... on level 2 of the Dungeon.
             The game lasted 00:03:30 (1576 turns).

dvd the Chiller (Demonspawn Ice Elementalist)       Turns: 1576, Time: 00:03:31

Health: -2/30      AC:  3    Str:  8    XL:     4   Next: 31%
Magic:  2/8        EV: 12    Int: 17    God:    Ru [......]
Gold:   83         SH:  0    Dex: 14    Spells: 5/8 levels left

rFire    . . .     SeeInvis .   d - +0 short sword
rCold    . . .     Gourm    .   (no shield)
rNeg     . . .     Faith    .   l - +0 leather armour
rPois    .         Spirit   .   (helmet restricted)
rElec    .         Reflect  .   (no cloak)
rCorr    .         Harm     .   (no gloves)
MR       .....                  (no boots)
Stlth    ++........             (no amulet)
Regen    0.1/turn               (no ring)
MPRegen  0.2/turn               (no ring)

@: no status effects
A: horns 1
a: Renounce Religion


You were on level 2 of the Dungeon.
You worshipped Ru.
Ru was noncommittal.
You were not hungry.

You visited 1 branch of the dungeon, and saw 2 of its levels.

You collected 83 gold pieces.

Inventory:

Hand Weapons
 d - a +0 short sword (weapon)
 m - a +0 rapier
Armour
 a - a +0 robe
 l - a +0 leather armour (worn)
Scrolls
 e - a scroll of magic mapping {unknown}
 f - 2 scrolls of identify {unknown}
 h - 3 scrolls of teleportation {unknown}
 j - a scroll of recharging {unknown}
Potions
 i - a potion of haste {unknown}
 k - 2 potions of brilliance {unknown}
Books
 b - a book of Frost

   Spells                             Type                      Level
   a - Freeze                         Ice                          1
   b - Throw Frost                    Conjuration/Ice              2
   c - Ozocubu's Armour               Charms/Ice                   3
   d - Throw Icicle                   Conjuration/Ice              4
   e - Summon Ice Beast               Ice/Summoning                4
Comestibles
 c - 5 bread rations


   Skills:
 + Level 0.2 Fighting
 + Level 1.0 Short Blades
 + Level 2.0 Dodging
 + Level 2.3 Stealth
 + Level 2.7 Spellcasting
 + Level 1.0 Conjurations
 + Level 3.5 Ice Magic


You had 5 spell levels left.
You knew the following spells:

 Your Spells              Type           Power        Failure   Level  Hunger
a - Freeze                Ice            ##..         6%          1    #......
b - Throw Frost           Conj/Ice       ##....       16%         2    ##.....


Dungeon Overview and Level Annotations

Branches:
Dungeon (2/15)

Altars:
Ru

Annotations:
D:2 Jessica, Natasha, Terence


Innate Abilities, Weirdness & Mutations

You have a pair of small horns on your head.


Message History

Casting: Freeze
Confirm with . or Enter, or press ? or * to list all spells.
Aiming: Freeze
Press: ? - help, Shift-Dir - straight line, f - Jessica
Aim: Jessica, wielding a club and wearing a robe You freeze Jessica.
Jessica is heavily wounded.
Jessica casts a spell.
Jessica blinks!
All of the chunks of flesh in your inventory have rotted away.
Jessica mumbles some strange words.
Jessica seems to speed up.
Terence bares his teeth.
Jessica points at you and mumbles some strange words.
You barely resist.
Terence zaps a wand.
The puff of flame hits you!
* * * LOW HITPOINT WARNING * * *
It is a wand of flame (?/48).
Terence zaps a wand.
The puff of flame hits you!
You die...

#..#########.....####
##$.# #..#..#...[.#..#
.....##..#..#..#..#..#
.##.#.#.#.....≈._#..≈...
........@...#########..
##.#.#....@..†..# ..
##...#...#.§#..# .#
##.###..#..#..).. .#
#..@.######.....# ##
#####..# ....... .....
#####.. ###### #


You could see Terence.

Vanquished Creatures
  Natasha (D:2)
  3 adders (D:2)
  A worm (D:2)
  A dart slug (D:1)
  A leopard gecko (D:1)
  3 bats (D:1)
  A giant cockroach (D:1)
  7 goblins
  4 hobgoblins
  5 kobolds (D:1)
  2 ball pythons (D:1)
  6 rats
35 creatures vanquished.

Notes
Turn   | Place    | Note
-------+----------+-------------------------------------------
     0 | D:1      | dvd the Demonspawn Ice Elementalist began the quest for the Orb.
     0 | D:1      | Reached XP level 1. HP: 13/13 MP: 3/3
   399 | D:1      | Reached skill level 3 in Ice Magic
   399 | D:1      | Gained mutation: You have a pair of small horns on your head. [demonic ancestry]
   399 | D:1      | Reached XP level 2. HP: 17/19 MP: 3/5
   515 | D:1      | Learned a level 2 spell: Throw Frost
  1097 | D:2      | Reached XP level 3. HP: 24/24 MP: 3/6
  1325 | D:2      | Noticed Natasha
  1334 | D:2      | Killed Natasha
  1334 | D:2      | Reached XP level 4. HP: 14/30 MP: 2/8
  1340 | D:2      | Reached skill level 1 in Short Blades
  1347 | D:2      | Found a sacrificial altar of Ru.
  1358 | D:2      | Became a worshipper of Ru the Awakened
  1375 | D:2      | Noticed Natasha
  1562 | D:2      | Noticed Jessica
  1562 | D:2      | Noticed Terence
  1576 | D:2      | Killed from afar by Terence

Vault maps used:
D:1:      minmay_arrival_floating_metal, minmay_split_cup_large
D:2:      hangedman_ru_absence, okawaru_gym_becter, uniq_jessica, uniq_natasha,
          uniq_terence

Skill      XL: |  1  2  3  4 |
---------------+-------------+-----
Ice Magic      | 3 |  3.5
Dodging        | 2 |  2.0
Stealth        | 2 |  2.3
Short Blades   | 1 |  1.0
Fighting       | |  0.2
Spellcasting   | |  2.7
Conjurations   | |  1.0

Action                   |  1- 3 |  4- 6 || total
-------------------------+-------+-------++-------
Melee: Short sword       |    32 |     4 ||    36
       Headbutt          |     1 |       ||     1
 Cast: Freeze            |    36 |    10 ||    46
       Throw Frost       |     2 |       ||     2
 Stab: Sleeping          |     4 |       ||     4
  Eat: Chunk             |     2 |     1 ||     3
Armor: Robe              |    13 |       ||    13
       Leather armour    |       |     2 ||     2
Dodge: Dodged            |    39 |     2 ||    41
